 Dungeon Crawl Stone Soup version 0.20.1-1-g8b1a95d (webtiles) character file.

200 Jukra the Skirmisher (level 5, -11/48 HPs)
             Began as a Minotaur Berserker on Sept 2, 2017.
             Was a Priest of Trog.
             Mangled by ig87's ghost (13 damage)
             ... on level 4 of the Dungeon on Sept 3, 2017.
             The game lasted 00:10:01 (2288 turns).

Jukra the Skirmisher (Minotaur Berserker)           Turns: 2288, Time: 00:10:01

Health: -11/48     AC:  4    Str: 22    XL:     5   Next: 49%
Magic:  4/4        EV: 11    Int:  4    God:    Trog [***...]
Gold:   151        SH:  2    Dex: 10    Spells: 4/4 levels left

rFire    . . .     SeeInvis .   u - +0 dagger (vamp)
rCold    . . .     Gourm    .   (no shield)
rNeg     . . .     Faith    .   f - +0 scale mail
rPois    .         Spirit   .   (helmet restricted)
rElec    .         Reflect  +   (no cloak)
rCorr    .         Harm     .   (no gloves)
MR       .....                  (no boots)
Stlth    ..........             s - +2 amulet of reflection
Regen    0.2/turn               (no ring)
MPRegen  0.1/turn               (no ring)

@: slightly contaminated
A: retaliatory headbutt, horns 2, deformed body
a: Berserk, Trog's Hand, Burn Spellbooks, Renounce Religion


You were on level 4 of the Dungeon.
You worshipped Trog.
Trog was most pleased with you.
You were not hungry.

You visited 1 branch of the dungeon, and saw 4 of its levels.

You collected 151 gold pieces.

Inventory:

Hand Weapons
 a - a +0 hand axe
 o - a +1 short sword of distortion
 p - a cursed -1 rapier
 u - a +0 vampiric dagger (weapon)
 v - a +0 flail
Armour
 b - a +0 animal skin
 d - a +0 ring mail
 f - a +0 scale mail (worn)
 n - a +0 ring mail
Jewellery
 s - a +2 amulet of reflection (around neck)
Wands
 l - a wand of lightning (9/15)
Scrolls
 e - a scroll of blinking
 g - 4 scrolls of identify
 j - a scroll of fog {unknown}
 q - 3 scrolls of teleportation
 t - a scroll of magic mapping {unknown}
 w - a scroll of enchant armour {unknown}
 x - a scroll of remove curse {unknown}
Potions
 h - a potion of haste {unknown}
 i - a potion of might
 r - a potion of curing
Comestibles
 c - 3 bread rations
 k - 2 meat rations
 m - 3 royal jellies


   Skills:
 + Level 5.3 Fighting
 + Level 1.3 Short Blades
 + Level 4.8 Axes
 + Level 3.9 Armour
 + Level 2.7 Dodging


You had 4 spell levels left.
You didn't know any spells.

Dungeon Overview and Level Annotations

Branches:
Dungeon (4/15)
 Temple: D:4-7

Altars:
Qazlal
The Shining One

Annotations:
D:4 ig87's ghost, amateur MiFi


Innate Abilities, Weirdness & Mutations

You reflexively headbutt those who attack you in melee.
You have a pair of horns on your head.
Armour fits poorly on your strangely shaped body.


Message History

You block something's attack. Ig87's ghost hits you!
Unknown command.
You hit ig87's ghost but do no damage.
You headbutt ig87's ghost, but do no damage.
Ig87's ghost is lightly damaged.
The orc priest closely misses you. You furiously retaliate!
You headbutt the orc priest. Something hits you but does no damage.
You are too injured to fight recklessly!
Your scale mail prevents you from hitting the orc priest.
The orc priest is moderately wounded.
Ig87's ghost hits you!
* * * LOW HITPOINT WARNING * * *
The adder bites you but does no damage. Something hits you but does no damage.
The orc priest barely misses you.
Your scale mail prevents you from hitting the orc priest.
The orc priest is moderately wounded.
The adder bites you.
* * * LOW HITPOINT WARNING * * *
Ig87's ghost hits you!
You die...

... #.. #. #.... #.# #$
#W... #.# #. #.#.# #.#
#. #$#.# #.# #. #.#.#
#.# .# #. ##.#.# #.# ..
#####o##....####.### #.
#....{@Wl#.........###.
#.#.###S...###.#.......
#...## #.#.......
###.### #.##......
....# #.###.#.#. #.###
#.# #.#.#. #.#
######.###..... #.#
#.............. #.#
#.####.........


You could see an iguana, an orc priest, ig87's ghost and an adder.

Vanquished Creatures
  An orc priest (D:3)
  A hound skeleton (D:4)
  3 adders (D:2)
  An adder skeleton (D:4)
  3 worms (D:2)
  5 dart slugs
  5 leopard geckos
  4 orcs
  3 giant cockroaches
  12 goblins
  7 hobgoblins
  5 jackals
  9 kobolds
  3 bats (D:2)
  8 frilled lizards
  13 rats
83 creatures vanquished.

Vanquished Creatures (others)
  An orc priest (D:3)
1 creature vanquished.

Grand Total: 84 creatures vanquished

Notes
Turn   | Place    | Note
-------+----------+-------------------------------------------
     0 | D:1      | Jukra the Minotaur Berserker began the quest for the Orb.
     0 | D:1      | Reached XP level 1. HP: 19/19 MP: 0/0
    53 | D:1      | Reached skill level 4 in Fighting
    61 | D:1      | Reached XP level 2. HP: 14/27 MP: 1/1
   231 | D:1      | Reached XP level 3. HP: 33/34 MP: 2/2
   365 | D:1      | Reached ** piety under Trog
   695 | D:2      | Reached skill level 5 in Fighting
   695 | D:2      | Reached XP level 4. HP: 35/42 MP: 3/3
  1044 | D:2      | Found a glowing golden altar of the Shining One.
  1511 | D:3      | Found a stormy altar of Qazlal.
  1723 | D:3      | Reached *** piety under Trog
  1958 | D:3      | Reached skill level 1 in Short Blades
  1958 | D:3      | Reached XP level 5. HP: 48/48 MP: 4/4
  2158 | D:3      | Gained mutation: Armour fits poorly on your strangely shaped body. [mutagenic glow]
  2276 | D:4      | Noticed ig87's ghost (amateur MiFi)
  2288 | D:4      | HP: 2/48 [adder (4)]
  2288 | D:4      | Mangled by ig87's ghost

Skill      XL: |  1  2  3  4 |
---------------+-------------+-----
Fighting       | 4 5 |  5.3
Axes           | 4 |  4.8
Armour         | 3 |  3.9
Short Blades   | 1 |  1.3
Dodging        | |  2.7

Action                   |  1- 3 |  4- 6 || total
-------------------------+-------+-------++-------
Melee: Hand axe          |    82 |    27 ||   109
       Headbutt          |    14 |    15 ||    29
       Short sword       |       |    60 ||    60
       Dagger            |       |    26 ||    26
  Use: Scroll            |       |     4 ||     4
       Potion            |       |     4 ||     4
  Eat: Bread ration      |       |     1 ||     1
       Chunk             |       |     1 ||     1
       Meat ration       |       |     1 ||     1
Armor: Animal skin       |     1 |       ||     1
       Ring mail         |    24 |    15 ||    39
       Scale mail        |       |    10 ||    10
Dodge: Dodged            |    55 |    48 ||   103
Block: Other             |       |     4 ||     4
